 Dungeon Crawl Stone Soup version 0.24-a0-778-g74da537585 (webtiles) character file.

Game seed: 12844799396462551707, levelgen mode: deterministic

39 Dycilia the Firebug (level 3, 0/28 HPs)
             Began as a Draconian Fire Elementalist on Oct 7, 2019.
             Succumbed to a worker ant's poison
             ... on level 2 of the Dungeon.
             The game lasted 00:12:56 (1613 turns).

Dycilia the Firebug (Draconian Fire Elementalist)   Turns: 1613, Time: 00:12:57

Health: 0/28       AC:  5    Str: 10    XL:     3   Next: 26%
Magic:  1/6        EV: 12    Int: 16    God:
Gold:   47         SH:  0    Dex: 11    Spells: 5/6 levels left

rFire    . . .     SeeInvis .   (no weapon)
rCold    . . .     Gourm    .   (no shield)
rNeg     . . .     Faith    .   (armour unavailable)
rPois    .         Spirit   .   k - +0 hat
rElec    .         Reflect  .   (no cloak)
rCorr    .         Harm     .   (no gloves)
MR       .....                  (no boots)
Stlth    ++........             (no amulet)
HPRegen  0.09/turn              (no ring)
MPRegen  0.10/turn              (no ring)

@: lethally poisoned (0 -> -12), very slightly contaminated
A: unfitting armour, cold-blooded, AC +5
a: no special abilities


You were on level 2 of the Dungeon.
You were not hungry.

You visited 1 branch of the dungeon, and saw 2 of its levels.

You collected 47 gold pieces.

Inventory:

Armour
 k - a +0 hat (worn)
Jewellery
 d - an uncursed amulet of the acrobat {unknown}
 h - an uncursed ring of protection from cold {unknown}
Scrolls
 a - a scroll of immolation {unknown}
 f - a scroll of random uselessness {unknown}
 i - 2 scrolls of identify {unknown}
 j - 2 scrolls of magic mapping {unknown}
 l - a scroll of teleportation {unknown}
Potions
 c - a potion of curing {unknown}
 e - 2 potions of heal wounds {unknown}
 g - a potion of berserk rage {unknown}
Comestibles
 b - a ration


   Skills:
 * Level 1.2 Fighting
 + Level 2.0 Dodging
 + Level 2.0 Stealth
 + Level 0.2 Unarmed Combat
 + Level 2.2 Spellcasting
 + Level 1.1 Conjurations
 + Level 3.5 Fire Magic


You had 5 spell levels left.
You knew the following spells:

 Your Spells              Type           Power        Failure   Level  Hunger
a - Flame Tongue          Conj/Fire      #....        8%          1    #......

Your spell library contained the following spells:

 Spells                   Type           Power        Failure   Level  Hunger
 Throw Flame              Conj/Fire      #.....       12%         2    ###....
 Conjure Flame            Conj/Fire      #.......     24%         3    ###....
 Inner Flame              Hex/Fire       #.......     30%         3    ###....
 Sticky Flame             Conj/Fire      #.......     61%         4    #####..
 Fireball                 Conj/Fire      #.........   91%         5    ######.


Dungeon Overview and Level Annotations

Branches:
Dungeon (2/15)

Altars:
Hepliaklqana


Innate Abilities, Weirdness & Mutations

Your plain brown scales are hard. (AC +5)
You cannot fit into any form of body armour.
You are cold-blooded and may be slowed by cold attacks.


Message History

You miscast Flame Tongue.
You are very lightly contaminated with residual magic.
You feel uncomfortably hot.
You feel sick. The worker ant bites you.
You are lethally poisoned!
The worker ant poisons you!
You feel sick.
You feel sick.
You feel sick.
* * * LOW HITPOINT WARNING * * *
You feel sick. The worker ant misses you.
* * * LOW HITPOINT WARNING * * *
You feel sick. The worker ant bites you.
* * * LOW HITPOINT WARNING * * *
You open the door.
* * * LOW HITPOINT WARNING * * *
You feel sick. The worker ant barely misses you.
* * * LOW HITPOINT WARNING * * *
You feel sick.
There is an open door here.
You die...

##########
.#########..<.....# ## ##
......†.......###.#.....
######.#.....# #.#.#.#
#.#....####.#...#######
#>....@'a..............
#.##...##...##.#####.#.
#.#######......#.....#.
#.#######......#.#####.
##..[.............##....
#......##.#..##.####.###
##.......................
#........................
#..............#.###.###.


You could see a worker ant.

Vanquished Creatures
  An adder (D:2)
  2 dart slugs (D:1)
  4 giant cockroaches (D:1)
  6 goblins
  5 bats (D:1)
  3 frilled lizards
  3 kobolds
  3 rats (D:1)
27 creatures vanquished.

Notes
Turn   | Place    | Note
-------+----------+-------------------------------------------
     0 | D:1      | Dycilia the Draconian Fire Elementalist began the quest for
                  | the Orb.
     0 | D:1      | Reached XP level 1. HP: 14/14 MP: 3/3
   235 | D:1      | Reached XP level 2. HP: 8/20 MP: 1/5
   919 | D:1      | Reached skill level 1 in Fighting
  1474 | D:2      | Reached XP level 3. HP: 28/28 MP: 4/6
  1497 | D:2      | Found a hazy altar of Hepliaklqana.
  1612 | D:2      | HP: 1/28 [poisoned by a worker ant]
  1613 | D:2      | Succumbed to a worker ant's poison

Levels and vault maps discovered:
D:1:      psy_arrival_conway, layout_basic, roderic_lattice_a, st_stairs_14
D:2:      layout_basic, lemuel_doored_altar, nicolae_overflow_crystal_walls,
          lemuel_coloured_pillars_altar, minmay_misc_feat_roman

Skill      XL: |  1  2 |
---------------+-------+-----
Stealth        | 2 |  2.0
Dodging        | 2 |  2.0
Fighting       | 1 |  1.2
Unarmed Combat | |  0.2
Spellcasting   | |  2.2
Conjurations   | |  1.1
Fire Magic     | |  3.5

Action                   || total
-------------------------++-------
Melee: Unarmed           ||    14
       Tailslap          ||     1
 Cast: Flame Tongue      ||    52
  Eat: Chunk             ||     3
Armor: Skin              ||    15
Dodge: Dodged            ||    41

Table legend:
 A = Non-vault XP
 B = Vault XP
 C = Vault XP percentage of total XP
 D = Non-vault monster count
 E = Vault monster count
 F = Vault count percentage of total count
                 A         B        C        D         E       F
            +---------+---------+-------+---------+---------+-------
      Total |      52 |       4 |   7.1 |      26 |       1 |   3.7
            +---------+---------+-------+---------+---------+-------
        D:1 |      36 |       4 |  10.0 |      22 |       1 |   4.3
        D:2 |      16 |       0 |   0.0 |       4 |       0 |   0.0
            +---------+---------+-------+---------+---------+-------
